 Dungeon Crawl Stone Soup version 0.21-a0-137-g951aa02 (webtiles) character file.

308 Floodkiller the Bolt Thrower (level 6, 0/47 HPs)
             Began as a Gnoll Arcane Marksman on July 18, 2017.
             Slain by an ogre
             ... wielding a +0 giant club
              (26 damage)
             ... on level 4 of the Dungeon.
             The game lasted 00:08:38 (4246 turns).

Floodkiller the Bolt Thrower (GnAM)                 Turns: 4246, Time: 00:08:39

Health: 0/47       AC:  7    Str:  7    XL:     6   Next: 40%
Magic:  8/8        EV: 10    Int:  7    God:
Gold:   152        SH:  0    Dex:  7    Spells: 4/8 levels left

rFire    . . .     SeeInvis .   b - +0 hand crossbow
rCold    . . .     Gourm    .   (no shield)
rNeg     . . .     Faith    .   q - +0 ring mail
rPois    .         Spirit   .   (no helmet)
rElec    .         Reflect  .   A - +0 cloak
rCorr    .         Harm     .   (no gloves)
MR       .....                  j - +0 pair of boots
Stlth    ..........             o - amulet of regeneration
HPRegen  0.55/turn              (no ring)
MPRegen  0.11/turn              (no ring)

@: no status effects
A: unchanging attributes, fangs 1, strong nose
a: no special abilities


You were on level 4 of the Dungeon.
You were not hungry.

You visited 1 branch of the dungeon, and saw 4 of its levels.

You collected 152 gold pieces.

Inventory:

Hand Weapons
 a - a +2 dagger of electrocution
 b - a +0 hand crossbow (weapon)
Missiles
 d - a throwing net
 p - 24 bolts (quivered)
Armour
 j - a +0 pair of boots (worn)
 q - a +0 ring mail (worn)
 w - a +2 large shield of cold resistance
 A - a +0 cloak (worn)
Jewellery
 g - a +2 amulet of reflection
 o - an amulet of regeneration (around neck)
Wands
 v - a wand of confusion (31/48)
 y - a wand of paralysis (8/24)
Scrolls
 h - 3 scrolls of identify
 i - 2 scrolls of enchant weapon {unknown}
 k - 2 scrolls of random uselessness {unknown}
 m - a scroll of remove curse {unknown}
 n - 2 scrolls of fog
 r - a scroll of recharging {unknown}
 s - a scroll of immolation {unknown}
 u - a scroll of teleportation {unknown}
Potions
 e - a potion of heal wounds {unknown}
 x - a potion of curing {unknown}
Books
 c - a book of Debilitation

   Spells                             Type                      Level
   a - Corona                         Hexes                        1
   b - Slow                           Hexes                        2
   c - Inner Flame                    Hexes/Fire                   3
   d - Portal Projectile              Hexes/Translocation          3
   e - Cause Fear                     Hexes                        4
   f - Leda's Liquefaction            Hexes/Earth                  4
Comestibles
 f - 3 bread rations
 l - 2 meat rations
 t - a royal jelly


   Skills:
 + Level 3.1 Fighting
 + Level 3.7 Short Blades
 * Level 6.1 Crossbows
 - Level 2.6 Dodging
 - Level 1.5 Spellcasting
 - Level 4.6 Hexes
 - Level 2.0 Translocations


You had 4 spell levels left.
You knew the following spells:

 Your Spells              Type           Power        Failure   Level  Hunger
a - Corona                Hex            #......      22%         1    ##.....
b - Portal Projectile     Hex/Tloc       #.....       73%         3    ####...


Dungeon Overview and Level Annotations

Branches:
Dungeon (4/15)
 Temple: D:4-7

Altars:


Innate Abilities, Weirdness & Mutations

Your physical attributes are unchanging.
You have very sharp teeth.
Your uncanny sense of smell can sniff out nearby items.


Message History

Firing (i - inventory. (,) - butt):
p - 27 bolts (quivered)
Press: ? - help, Shift-Dir - straight line, f - ogre
Aim: an ogre, wielding a giant club You shoot a bolt.
The bolt hits the ogre.
The ogre is lightly wounded.
The gnoll closely misses you. The ogre butts you with a giant club!!
Firing (i - inventory. (,) - cycle):
p - 26 bolts (quivered)
Press: ? - help, Shift-Dir - straight line, f/p - ogre
Aim: an ogre, wielding a giant club (lightly wounded)
You shoot a bolt. The bolt hits the ogre.
The ogre is heavily wounded.
The gnoll barely misses you.
Firing (i - inventory. (,) - cycle):
p - 25 bolts (quivered)
Press: ? - help, Shift-Dir - straight line, butt/p - ogre
Aim: an ogre, wielding a giant club (heavily wounded)
You shoot a bolt. The butt butts the ogre!
The ogre is severely wounded.
The ogre hits you with a giant club!!
Ouch! That really hurt!
You die...

### ..# #.# #
#######.##.#.#
.........<...#
#g# #O#
#.########@#
#......<...#
############ ∆


You could see an ogre and a gnoll.

Vanquished Creatures
  Crazy Yiuf (D:3)
  An orc priest (D:3)
  An orc wizard (D:3)
  5 gnolls
  6 adders
  An ooze (D:1)
  2 worms
  4 dart slugs
  A leopard gecko (D:2)
  7 orcs (D:3)
  A giant cockroach (D:2)
  16 goblins
  6 hobgoblins
  2 jackals (D:1)
  4 quokkas
  10 bats
  2 frilled lizards
  15 kobolds
  14 rats
99 creatures vanquished.

Notes
Turn   | Place    | Note
-------+----------+-------------------------------------------
     0 | D:1      | Floodkiller the Gnoll Arcane Marksman began the quest for the Orb.
     0 | D:1      | Reached XP level 1. HP: 15/15 MP: 3/3
    52 | D:1      | Reached skill level 3 in Crossbows
   196 | D:1      | Reached XP level 2. HP: 15/21 MP: 4/4
   449 | D:1      | Reached skill level 1 in Short Blades
   681 | D:1      | Reached XP level 3. HP: 26/26 MP: 5/5
   792 | D:1      | Learned a level 3 spell: Portal Projectile
  1010 | D:1      | Reached skill level 1 in Translocations
  1268 | D:2      | Reached XP level 4. HP: 17/32 MP: 6/6
  1283 | D:2      | Reached skill level 4 in Crossbows
  2294 | D:2      | Reached XP level 5. HP: 33/37 MP: 7/7
  2714 | D:2      | Reached skill level 5 in Crossbows
  3189 | D:3      | Reached XP level 6. HP: 32/46 MP: 8/8
  3599 | D:3      | Found a runed door.
  4114 | D:3      | Noticed Crazy Yiuf
  4126 | D:3      | Killed Crazy Yiuf
  4126 | D:3      | Reached skill level 6 in Crossbows
  4246 | D:4      | Slain by an ogre

Vault maps used:
D:1:      dpeg_arrival_subterranean_lakeside_camping, minmay_fountain_box,
          minmay_pentomino_t4
D:2:      first_bread
D:3:      serial_co_window_serial, co_window_paths_b, co_window_corner_a,
          co_window_corner_a, co_window_corner_a, co_window_cross_1,
          co_window_of_opportunity_c, co_window_broadway_b, co_window_corner_cb,
          co_window_of_opportunity_c, co_window_broadway_c,
          co_window_unsneaky_path_c, co_window_paths_d, co_window_4corner_a,
          glass_columns_a, glass_columns_a, glass_columns_a, glass_columns_a,
          uniq_crazy_yiuf_cottage
D:4:      temple_pool_b

Skill      XL: |  1  2  3  4  5  6 |
---------------+-------------------+-----
Crossbows      | 3 4 5 6 |  6.1
Short Blades   | 1 2 3 |  3.7
Translocations | 1 2 |  2.0
Fighting       | 2 3 |  3.1
Dodging        | |  2.6
Spellcasting   | |  1.5
Hexes          | |  4.6

Action                   |  1- 3 |  4- 6 || total
-------------------------+-------+-------++-------
Melee: Dagger            |   109 |   246 ||   355
       Bite              |     2 |     5 ||     7
 Fire: Hand crossbow     |    29 |    24 ||    53
  Use: Scroll            |       |     1 ||     1
  Eat: Chunk             |     1 |    10 ||    11
Armor: Robe              |    36 |    10 ||    46
       Ring mail         |       |    66 ||    66
Dodge: Dodged            |    89 |   118 ||   207
